 Dungeon Crawl Stone Soup version 0.25.1-2-g60ff931df9 (webtiles) character file.

Game seed: 6746658362866293215

29928 DearestLeader the Earth Mage (level 13, -21/63 HPs)
             Began as a Gargoyle Earth Elementalist on Oct 1, 2020.
             Was a High Priest of Vehumet.
             Killed from afar by an ice dragon (49 damage)
             ... with a blast of cold
             ... on level 4 of the Lair of Beasts.
             The game lasted 00:48:46 (17433 turns).

DearestLeader the Earth Mage (GrEE)                Turns: 17433, Time: 00:48:48

Health: -21/63     AC: 19    Str: 12    XL:     13   Next: 48%
Magic:  2/25       EV: 15    Int: 21    God:    Vehumet [*****.]
Gold:   816        SH:  0    Dex: 10    Spells: 5/29 levels left

rFire    . . .     SeeInvis .   A - +2 whip (freeze)
rCold    . . .     Gourm    .   (no shield)
rNeg     + + .     Faith    .   O - +2 robe {rN+}
rPois    ∞         Spirit   .   a - +0 helmet
rElec    +         Reflect  .   u - +0 cloak
rCorr    .         Harm     .   V - +0 pair of gloves
MR       .....                  U - +2 pair of boots {Stlth+}
Stlth    ++++......             e - amulet of magic regeneration (curse)
HPRegen  0.20/turn              j - ring of wizardry
MPRegen  0.44/turn              Z - ring of stealth

@: no status effects
A: negative energy resistance 1, electricity resistance, unbreathing,
petrification resistance, rot immunity, AC +9
a: Renounce Religion


You were on level 4 of the Lair of Beasts.
You worshipped Vehumet.
Vehumet was extremely pleased with you.
You were near starving.

You visited 3 branches of the dungeon, and saw 16 of its levels.

You collected 816 gold pieces.

Inventory:

Hand Weapons
 A - a +2 whip of freezing (weapon)
 T - the +4 short sword "Firyllui" {vorpal, +Inv rElec MR- Int+2}
   (You found it on level 1 of the Lair of Beasts)

   It inflicts extra damage upon your enemies.
   It affects your intelligence (+2).
   It insulates you from electricity.
   It affects your resistance to hostile enchantments.
   It lets you turn invisible.
Missiles
 b - 179 stones (quivered)
Armour
 a - a +0 helmet (worn)
 c - a +0 robe
 u - a +0 cloak (worn)
 x - a +0 buckler
 D - a +0 pair of boots
 H - a scarf of harm
 O - a +2 robe of positive energy (worn)
 U - a +2 pair of boots of stealth (worn)
 V - a +0 pair of gloves (worn)
Magical Staves
 S - an uncursed staff of summoning
Jewellery
 e - a cursed amulet of magic regeneration (around neck)
 j - a ring of wizardry (left hand)
 n - an uncursed amulet of guardian spirit {unknown}
 K - an uncursed ring of positive energy
 Q - a cursed amulet of inaccuracy {unknown}
 Y - an uncursed amulet of regeneration {unknown}
 Z - a ring of stealth (right hand)
Wands
 i - a wand of polymorph (6)
 p - a wand of paralysis (15)
 E - a wand of clouds (7)
 L - a wand of iceblast (27)
 P - a wand of digging (5)
 R - a wand of flame (21)
Scrolls
 f - 8 scrolls of teleportation
 q - 5 scrolls of remove curse
 s - 2 scrolls of fear
 t - 2 scrolls of enchant weapon
 w - 3 scrolls of enchant armour
 y - 3 scrolls of fog
 B - a scroll of holy word
 C - 2 scrolls of amnesia
 W - a scroll of brand weapon {unknown}
Potions
 g - 2 potions of haste
 h - a potion of resistance {unknown}
 k - 2 potions of magic {unknown}
 l - 2 potions of flight {unknown}
 m - 4 potions of curing
 o - a potion of lignification {unknown}
 r - a potion of ambrosia {unknown}
 v - 2 potions of stabbing {unknown}
 z - 5 potions of mutation
 G - 4 potions of heal wounds
 I - 2 potions of berserk rage {unknown}
 J - 4 potions of might {unknown}
 M - a potion of cancellation {unknown}
 N - a potion of invisibility {unknown}
Comestibles
 d - 30 rations


   Skills:
 + Level 7.0 Dodging
 - Level 2.1 Stealth
 * Level 3.1 Shields
 + Level 8.5 Spellcasting
 + Level 10.3 Conjurations
 - Level 3.2 Charms
 - Level 0.7 Transmutations
 - Level 2.0 Air Magic
 * Level 17.5 Earth Magic
 - Level 2.5 Poison Magic


You had 5 spell levels left.
You knew the following spells:

 Your Spells              Type           Power        Failure   Level  Hunger
a - Sandblast             Erth           ######       0%          1    None
b - Stone Arrow           Conj/Erth      ######       1%          3    None
c - Lee's Rapid Deconstr  Erth           ######....   1%          5    #####..
d - Petrify               Tmut/Erth      #####...     1%          4    ###....
e - Mephitic Cloud        Conj/Pois/Air  ####....     1%          3    None
f - Swiftness             Chrm/Air       ###.....     1%          2    None
g - Freezing Cloud        Conj/Ice/Air   ####......   22%         6    ######.

Your spell library contained the following spells:

 Spells                   Type           Power        Failure   Level  Hunger
 Infusion                 Chrm           ###.         1%          1    None
 Shock                    Conj/Air       ####         1%          1    None
 Passwall                 Tmut/Erth      #####...     1%          2    None
 Song of Slaying          Chrm           ###.....     1%          2    None
 Dazzling Flash           Conj/Hex       ####..       1%          3    None
 Static Discharge         Conj/Air       ####....     1%          3    None
 Shroud of Golubria       Chrm/Tloc      ###...       2%          2    None
 Borgnjor's Vile Clutch   Necr/Erth      #####.....   2%          5    #####..
 Lightning Bolt           Conj/Air       ####......   2%          5    #####..
 Corona                   Hex            #......      3%          1    None
 Ensorcelled Hibernation  Hex/Ice        #.....       4%          2    None
 Ozocubu's Armour         Chrm/Ice       ###.....     4%          3    None
 Spectral Weapon          Hex/Chrm       ###.....     4%          3    None
 Airstrike                Air            ###.......   4%          4    ###....
 Confusing Touch          Hex            #.......     9%          3    None
 Recall                   Summ/Tloc      N/A          9%          3    None
 Tukima's Dance           Hex            #.......     9%          3    None
 Animate Dead             Necr           N/A          28%         4    ###....
 Death Channel            Necr           #.........   98%         6    ######.
 Simulacrum               Ice/Necr       #.........   98%         6    ######.


Dungeon Overview and Level Annotations

Branches:
Dungeon (11/15)            Temple (1/1) D:7            Lair (4/6) D:11
  Swamp (0/4) Lair:4        Snake (0/4) Lair:3
    Orc: D:9-12

Altars:
Ashenzari
Cheibriados
Dithmenos
Elyvilon
Fedhas
Gozag
Hepliaklqana
Kikubaaqudgha
Makhleb
Nemelex Xobeh
Okawaru
Qazlal
Ru
Sif Muna
Trog
Uskayaw
Vehumet
Wu Jian
Xom
Yredelemnul
Zin
The Shining One

Shops:
D:7 (   D:10 *

Annotations:
D:8 2 runed translucent doors, Toogi's ghost, novice GnWn
D:10 4 runed translucent doors
Lair:4 exclusion: oklob plant


Innate Abilities, Weirdness & Mutations

You are resistant to torment.
Your stone body is resilient. (AC +9)
You are immune to poison.
You resist negative energy. (rN+)
You are resistant to electric shocks. (rElec)
You can survive without breathing.
You are immune to petrification.
You are immune to rotting.


Message History

The blast of cold hits you!
Casting: Sandblast (safe; 0% risk of failure)
Confirm with . or Enter, or press ? or * to list all spells.
Aiming: Lee's Rapid Deconstruction (safe; 1% risk of failure)
Press: ? - help, Dir - move target cursor, p - ice dragon A rock wall.
The wall shatters!
The blast of rock fragments hits the ice dragon but does no damage.
The ice dragon is severely wounded.
Casting: Lee's Rapid Deconstruction (safe; 1% risk of failure)
Confirm with . or Enter, or press ? or * to list all spells.
Aiming: Sandblast (safe; 0% risk of failure)
Press: ? - help, Shift-Dir - straight line The blast of sand hits the ice dragon.
The ice dragon is severely wounded.
b - 179 stones The ice dragon breathes frost at you.
The blast of cold hits you!!!
Ouch! That really hurt!
You die...

..P##.#.######..........÷..<....P
........................<.##...##
.................P....#.P###.†.#
#.........###...................#
....##...##......#...............
...###.....#....##...........#.#.
.....................##.##....###
................##...#####...#.##
....#..........D@....# #.......
..###....########....######......
...###...# ##...P.##........
.........#### #....P.).........
..........#.# ##P....#P.....###
...###.....# ####P....###...## #
.....###..####P#.##....P#....####
.....#.#..#§.§§§#.#..........>...
...........§§§§..................


You could see an ice dragon (catching breath).

Vanquished Creatures
  Harold (D:9)
  4 hydras
  A two-headed ogre (D:10)
  An unseen horror (D:11)
  Pikel (D:4)
  5 elephants (Lair:4)
  A cyclops (D:11)
  6 black mambas
  A torpor snail (Lair:4)
  6 spiny frogs
  4 komodo dragons
  A kobold demonologist (D:11)
  2 rime drakes
  2 polar bears
  Grinder (D:6)
  2 trolls
  4 blink frogs (Lair:3)
  6 dream sheep (Lair:4)
  2 hippogriffs
  2 wyverns (Lair:3)
  2 wraiths (D:11)
  A human (D:8)
  21 yaks
  2 basilisks
  A hungry ghost (D:8)
  12 porcupines
  13 water moccasins
  5 orc warriors
  3 ice beasts
  3 sky beasts
  2 slaves (D:4)
  5 black bears
  An eye of draining (D:11)
  A phantom (D:10)
  6 ogres
  12 wolves
  4 centaurs
  7 crocodiles
  2 big kobolds
  8 bullfrogs
  2 gnoll sergeants
  5 scorpions
  3 killer bees (D:9)
  8 wights
  An electric eel (Lair:1)
  2 howler monkeys (D:11)
  6 crimson imps
  3 centaur zombies
  4 quasits
  3 orc priests
  6 hounds
  A bullfrog skeleton (D:6)
  2 jellies
  6 worker ants
  Ijyb (D:5)
  3 iguanas
  11 orc wizards
  A hound zombie (D:11)
  A hound skeleton (D:4)
  A howler monkey zombie (D:8)
  A worker ant zombie (D:10)
  18 gnolls
  11 adders
  A howler monkey skeleton (D:4)
  2 shadow imps
  2 white imps (Lair:4)
  3 adder skeletons
  5 worms
  A dart slug (D:3)
  10 leopard geckos
  26 orcs
  3 giant cockroaches
  9 goblins
  9 hobgoblins
  13 jackals
  17 kobolds
  4 quokkas
  4 ball pythons
  8 bats
  3 frilled lizards
  A jackal skeleton (D:5)
  2 quokka skeletons
  2 quokka zombies
  7 rats
  A fungus (Lair:2)
397 creatures vanquished.

Vanquished Creatures (others)
  15 fungi
  9 plants
24 creatures vanquished.

Grand Total: 421 creatures vanquished

Notes
Turn   | Place    | Note
-------+----------+-------------------------------------------
     0 | D:1      | DearestLeader the Gargoyle Earth Elementalist began the
                  | quest for the Orb.
     0 | D:1      | Reached XP level 1. HP: 10/10 MP: 3/3
     6 | D:1      | Noticed a basilisk
     6 | D:1      | Noticed a tyrant leech
     6 | D:1      | Noticed a soldier ant
     6 | D:1      | Noticed a yaktaur
   168 | D:1      | Reached skill level 4 in Earth Magic
   205 | D:1      | Reached XP level 2. HP: 7/15 MP: 0/5
   952 | D:1      | Reached skill level 5 in Earth Magic
   952 | D:1      | Reached XP level 3. HP: 19/19 MP: 6/6
  1250 | D:2      | Noticed an ogre
  1256 | D:2      | Killed an ogre
  1256 | D:2      | Reached skill level 6 in Earth Magic
  1256 | D:2      | Reached XP level 4. HP: 24/24 MP: 3/7
  1297 | D:2      | Found a white marble altar of Elyvilon.
  1430 | D:2      | Reached XP level 5. HP: 28/28 MP: 8/8
  1608 | D:2      | Reached skill level 7 in Earth Magic
  2093 | D:2      | Learned a level 3 spell: Stone Arrow
  2111 | D:3      | Found a sparkling altar of Nemelex Xobeh.
  2265 | D:3      | Found a hide-covered altar of Uskayaw.
  2487 | D:3      | Reached skill level 1 in Conjurations
  2626 | D:3      | Found a sacrificial altar of Ru.
  3002 | D:3      | Reached XP level 6. HP: 16/32 MP: 6/9
  3214 | D:4      | Noticed Pikel
  3214 | D:4      | Noticed a slave
  3320 | D:4      | Learned a level 5 spell: Lee's Rapid Deconstruction
  3412 | D:4      | Reached skill level 8 in Earth Magic
  4045 | D:4      | Reached XP level 7. HP: 29/36 MP: 8/10
  4109 | D:4      | Found an opulent altar of Gozag.
  4370 | D:4      | Paralysed by Pikel for 7 turns
  4379 | D:4      | Killed Pikel
  4379 | D:4      | Reached skill level 9 in Earth Magic
  4379 | D:4      | Reached XP level 8. HP: 19/41 MP: 2/13
  4661 | D:5      | Entered Level 5 of the Dungeon
  4671 | D:4      | Reached skill level 10 in Earth Magic
  4886 | D:5      | Learned a level 4 spell: Petrify
  5439 | D:5      | Found a blossoming altar of Fedhas.
  5576 | D:5      | Noticed Ijyb
  5581 | D:5      | Killed Ijyb
  5962 | D:6      | Reached skill level 5 in Conjurations
  6517 | D:6      | Noticed Grinder
  6523 | D:6      | Paralysed by Grinder for 6 turns
  6531 | D:6      | Reached skill level 11 in Earth Magic
  6531 | D:6      | Reached XP level 9. HP: 27/45 MP: 11/15
  6534 | D:6      | Killed Grinder
  6967 | D:7      | Found Zomaneta's Antique Weapon Shoppe.
  7095 | D:7      | Reached skill level 5 in Spellcasting
  7178 | D:7      | Found a staircase to the Ecumenical Temple.
  7212 | Temple   | Entered the Ecumenical Temple
  7325 | Temple   | Became a worshipper of Vehumet
  7401 | D:7      | Reached skill level 12 in Earth Magic
  7807 | D:8      | Found a large runed translucent door.
  7807 | D:8      | Found a large runed translucent door.
  7819 | D:8      | Noticed Toogi's ghost (novice GnWn)
  8895 | D:8      | Reached skill level 13 in Earth Magic
  8968 | D:9      | Reached XP level 10. HP: 43/50 MP: 19/19
  9350 | D:9      | Reached * piety under Vehumet
  9350 | D:9      | Offered knowledge of Foxfire by Vehumet.
  9713 | D:9      | Reached skill level 14 in Earth Magic
 10080 | D:9      | Noticed Harold
 10132 | D:9      | Killed Harold
 10150 | D:9      | Reached ** piety under Vehumet
 10150 | D:9      | Offered knowledge of Freeze by Vehumet.
 10486 | D:10     | Entered Level 10 of the Dungeon
 10550 | D:10     | Reached XP level 11. HP: 54/54 MP: 12/20
 10578 | D:10     | Found a white marble altar of Elyvilon.
 10806 | D:10     | Found a huge runed translucent gate.
 10806 | D:10     | Found a huge runed translucent gate.
 10807 | D:10     | Found a huge runed translucent gate.
 10808 | D:10     | Found a huge runed translucent gate.
 11000 | D:10     | Noticed a two-headed ogre
 11009 | D:10     | Killed a two-headed ogre
 11009 | D:10     | Reached skill level 15 in Earth Magic
 11282 | D:10     | Found Wicly's Elemental Accessories.
 11585 | D:11     | Offered knowledge of Mephitic Cloud by Vehumet.
 11603 | D:11     | Learned a level 3 spell: Mephitic Cloud
 11667 | D:11     | Noticed a rakshasa
 11729 | D:11     | Noticed a sixfirhy
 11808 | D:11     | Reached *** piety under Vehumet
 11964 | D:11     | Noticed a cyclops
 11971 | D:11     | Killed a cyclops
 11971 | D:11     | Reached skill level 5 in Dodging
 12084 | D:11     | Offered knowledge of Inner Flame by Vehumet.
 12203 | D:11     | Found a staircase to the Lair.
 12203 | D:11     | Noticed a seven-headed hydra
 12210 | D:11     | Killed a seven-headed hydra
 12248 | D:11     | Killed an unseen horror
 12532 | Lair:1   | Entered Level 1 of the Lair of Beasts
 12550 | Lair:1   | Got a crystal short sword
 12550 | Lair:1   | Identified the +4 short sword "Firyllui" {vorpal, +Inv
                  | rElec MR- Int+2} (You found it on level 1 of the Lair of
                  | Beasts)
 12683 | Lair:1   | Reached **** piety under Vehumet
 12699 | Lair:1   | Reached skill level 16 in Earth Magic
 12700 | Lair:1   | Reached XP level 12. HP: 59/59 MP: 13/22
 13580 | Lair:2   | Offered knowledge of Conjure Flame by Vehumet.
 14508 | Lair:2   | Learned a level 2 spell: Swiftness
 14509 | Lair:3   | Noticed a four-headed hydra
 14513 | Lair:3   | Killed a four-headed hydra
 14584 | Lair:3   | Reached skill level 1 in Charms
 14857 | Lair:3   | Found a staircase to the Snake Pit.
 15109 | Lair:3   | Noticed a seven-headed hydra
 15120 | Lair:3   | Killed a seven-headed hydra
 15120 | Lair:3   | Reached skill level 1 in Air Magic
 15277 | Lair:3   | Reached skill level 17 in Earth Magic
 15887 | Lair:4   | Reached XP level 13. HP: 56/63 MP: 11/25
 15996 | Lair:4   | Reached skill level 10 in Conjurations
 15996 | Lair:4   | Reached skill level 1 in Poison Magic
 16156 | Lair:4   | Reached ***** piety under Vehumet
 16507 | Lair:4   | Offered knowledge of Freezing Cloud by Vehumet.
 16512 | Lair:4   | Reached skill level 1 in Shields
 16997 | Lair:4   | Found a staircase to the Swamp.
 17071 | Lair:4   | Noticed an ice dragon
 17119 | Lair:4   | Learned a level 6 spell: Freezing Cloud
 17433 | Lair:4   | Killed from afar by an ice dragon

Illustrated notes

Levels and vault maps discovered:
D:1:      onia_arrival_zoo_common, layout_basic, minmay_pentomino_z2
D:2:      layout_rooms, lemuel_doored_altar, first_ration, roderic_roman_lattice
D:3:      layout_loops_ring, lemuel_crystal_altar, hangedman_ru_absence,
          eat_drink_and_be_merry_uskayaw
D:4:      layout_basic, nicolae_gozag_seed_capital, serial_curves,
          eino_curves_02, eino_curves_03, uniq_pikel
D:5:      layout_cave_pods, kennysheep_mini, uniq_ijyb
D:6:      layout_cave_pools, serial_rivers, chequers_serial_rivers_micro_d,
          chequers_serial_rivers_room_b, chequers_serial_rivers_large_b,
          chequers_serial_rivers_micro_e, uniq_grinder
D:7:      layout_cave_pools, minmay_temple_entry_purple_smoke, serial_shops,
          nicolae_shop_trees
D:8:      layout_loops_corners, ebering_ghost_disaster_area, grunt_pizzeria
D:9:      layout_irregular_city, uniq_harold
D:10:     lemuel_bear_cage, layout_gridville, nicolae_elemental_shop,
          elyvilon_altar_5
D:11:     layout_irregular_city, minmay_lair_entry_grove,
          palyth_stone_intersect, hangedman_decor_peaks_small
Temple:   nicolae_temple_elliptical
Lair:1:   layout_gridlike, grunt_forest_small_clearings
Lair:2:   layout_loops_ring, beast_lair_carwin_8
Lair:3:   layout_regular_city, minmay_snake_entry_six_corridors
Lair:4:   layout_gridlike, swamp_mist, portal_ice_cave_demonic_guard,
          bobbens_ice_dragon_lair

Skill      XL: |  1  2  3  4  5  6  7  8  9 10 11 12 13 |
---------------+----------------------------------------+-----
Earth Magic    | 4 5 6 7 8 9 11 13 14 16 17 | 17.5
Conjurations   | 1 2 4 5 7 8 9 10 | 10.3
Spellcasting   | 3 4 6 7 8 |  8.5
Dodging        | 4 5 6 7 |  7.0
Charms         | 3 |  3.2
Air Magic      | 2 |  2.0
Poison Magic   | 2 |  2.5
Shields        | 3 |  3.1
Stealth        | |  2.1
Transmutations | |  0.7

Action                   |  1- 3 |  4- 6 |  7- 9 | 10-12 | 13-15 || total
-------------------------+-------+-------+-------+-------+-------++-------
Melee: Spear             |    27 |       |       |       |       ||    27
       Unarmed           |     2 |       |       |       |       ||     2
       Mace              |    22 |   100 |       |       |       ||   122
       Hand axe          |       |    43 |    21 |       |       ||    64
       Whip              |       |       |   214 |   348 |    42 ||   604
 Cast: Sandblast         |     8 |    21 |    34 |    11 |    19 ||    93
       Stone Arrow       |       |       |    58 |   223 |    75 ||   356
       Lee's Rapid Decon |       |       |     4 |    47 |    12 ||    63
       Petrify           |       |       |     4 |     5 |     2 ||    11
       Mephitic Cloud    |       |       |       |     4 |     4 ||     8
       Swiftness         |       |       |       |     2 |     1 ||     3
  Use: Scroll            |       |       |     7 |     6 |     7 ||    20
 Stab: Sleeping          |     4 |     3 |     2 |     2 |       ||    11
       Petrified         |       |       |       |       |     3 ||     3
  Eat: Chunk             |     1 |     9 |    22 |    34 |     6 ||    72
       Ration            |       |       |       |     1 |       ||     1
Armor: Robe              |    25 |    52 |   134 |   255 |    49 ||   515
Dodge: Dodged            |    44 |    94 |   205 |   412 |    78 ||   833
